 Dungeon Sprint DCSS version bcrawl-1.21.3-2-g9d8a61a446 (webtiles) character file.

Game seed: 10624395422578549747

611 funkygono the Tainter (level 7, -6/54 HPs)
             Began as a Formicid Venom Mage on Apr 13, 2020.
             Was an Elder of Vehumet.
             Mangled by a naga
             ... wielding a +0 mace
              (7 damage)
             ... in the Dungeon (Sprint V: "Ziggurat Sprint").
             The game lasted 00:12:24 (623 turns).

funkygono the Tainter (Formicid Venom Mage)          Turns: 623, Time: 00:12:25

Health: -6/54      AC: 23    Str: 25    XL:     7   Next: 72%
Magic:  17/17      EV:  7    Int: 46    God:    Vehumet [****..]
Gold:   0          SH:  8    Dex: 11    Spells: 7/19 levels left

rFire    x . .     SeeInvis +   y - +6 Majin-Bo {vamp, *Drain Str+12 Int+24}
rCold    + + .     Gourm    .   a - +3 buckler
rNeg     . . .     Faith    .   B - +5 ice dragon scales
rPois    .         Spirit   .   (helmet unavailable)
rElec    .         Reflect  .   (no cloak)
rCorr    .         Harm     .   (no gloves)
MR       .....                  (no boots)
Stlth    +.........             w - amulet of magic regeneration
HPRegen  0.18/turn              u - +6 ring of intelligence
MPRegen  0.40/turn              D - ring of Robustness {AC+8}

@: lethally poisoned (-6 -> -34), constricted, studying Crossbows
A: permanent stasis, dig shafts and tunnels, four strong arms, antennae 3
a: Dig, Renounce Religion


You were in the Dungeon.
You worshipped Vehumet.
Vehumet was greatly pleased with you.
You were not hungry.

You visited 1 branch

Inventory:

Hand Weapons
 y - the +6 Majin-Bo (weapon) {vamp, *Drain Str+12 Int+24}
   (You found it in the Dungeon)

   It inflicts no extra harm, but heals its wielder when it wounds a living foe.
   It affects your strength (+12).
   It affects your intelligence (+24).
   It causes draining when unequipped.
Armour
 a - a +3 buckler (worn)
 t - the +9 scales of the Dragon King {rPois rF+ rC+ MR+}
   (You found it in the Dungeon)

   It protects you from fire.
   It protects you from cold.
   It protects you from poison.
   It affects your resistance to hostile enchantments.
 B - +5 ice dragon scales (worn)
 C - the +18 shield of the Gong {rElec rN+ MR+ EV-5}
   (You found it in the Dungeon)

   It affects your evasion (-5).
   It insulates you from electricity.
   It protects you from negative energy.
   It affects your resistance to hostile enchantments.
Magical Staves
 d - an uncursed staff of fire
Jewellery
 s - an uncursed ring of flight
 u - a +6 ring of intelligence (left hand)
 v - a +6 ring of intelligence
 w - an amulet of magic regeneration (around neck)
 x - a +6 ring of strength
 D - the ring of Robustness (right hand) {AC+8}
   (You found it in the Dungeon)

   [ring of protection]

   It affects your AC (+8).
Scrolls
 m - 4 scrolls of amnesia
 n - 7 scrolls of fog
 o - 5 scrolls of identify
 p - 5 scrolls of remove curse
 q - 2 scrolls of fear
 A - a scroll of brand weapon
Potions
 b - 2 potions of brilliance
 c - 2 potions of invisibility
 f - 10 potions of curing
 g - 9 potions of heal wounds
 h - 4 potions of resistance
 i - 7 potions of magic
 k - 5 potions of agility
 l - 5 potions of might
Books
 j - a manual of Crossbows
Miscellaneous
 r - a lightning rod (4/4)
Comestibles
 e - 6 rations {!d}


   Skills:
 + Level 4.1 Fighting
 + Level 6.6 Staves
 + Level 4.3 Armour
 - Level 1.7 Dodging
 + Level 5.2 Stealth
 + Level 6.9 Shields
 + Level 6.7 Spellcasting
 + Level 3.4 Conjurations
 + Level 1.8 Transmutations
 + Level 1.2 Fire Magic
 + Level 2.2 Air Magic
 + Level 10.5 Poison Magic


You had 7 spell levels left.
You knew the following spells:

 Your Spells              Type           Power        Failure   Level  Hunger
a - Sting                 Conj/Pois      ####         1%          1    None
b - Poisonous Vapours     Pois/Air       ######       1%          2    None
c - Freeze                Ice            ###...       1%          1    None
d - Ignite Poison         Fire/Tmut/Pois ######..     1%          3    None
e - Venom Bolt            Conj/Pois      ######....   1%          5    ###....

Your spell library contained the following spells:

 Spells                   Type           Power        Failure   Level  Hunger
 Inner Flame              Hex/Fire       N/A          2%          3    None
 Olgreb's Toxic Radiance  Pois           #######.     1%          4    None
 Summon Scorpions         Summ/Pois      ######..     4%          4    None
 Poison Arrow             Conj/Pois      ######....   11%         6    #####..
 Iskenderun's Battlesphe  Conj/Chrm      ####....     16%         5    ###....
 Iron Shot                Conj/Erth      ####......   61%         6    #####..
 Orb of Destruction       Conj           #####.....   89%         7    ######.
 Spellforged Servitor     Conj/Summ      ####......   98%         7    ######.


Dungeon Overview and Level Annotations

Branches:
Dungeon (1/1)

Altars:
Ashenzari
Cheibriados
Dithmenos
Elyvilon
Fedhas
Gozag
Hepliaklqana
Kikubaaqudgha
Lugonu
Makhleb
Nemelex Xobeh
Okawaru
Qazlal
Ru
Sif Muna
Trog
Uskayaw
Vehumet
Wu Jian
Xom
Yredelemnul
Zin
The Shining One
Beogh
Jiyva

Annotations:
D 1 transporter


Innate Abilities, Weirdness & Mutations

You cannot be hasted, slowed, berserked, paralysed or teleported.
You can dig through walls and to a lower floor.
Your four strong arms can wield two-handed weapons with a shield.
You have a pair of large antennae on your head. (SInv)


Message History

* * * LOW HITPOINT WARNING * * *
The naga constricts you. The water moccasin bites you.
* * * LOW HITPOINT WARNING * * *
You hit the water moccasin but do no damage.
The water moccasin is almost dead.
* * * LOW HITPOINT WARNING * * *
You feel very sick. You block the naga's attack.
* * * LOW HITPOINT WARNING * * *
The naga constricts you.
The water moccasin bites you but does no damage.
You sock the water moccasin!
You feel better.
You kill the water moccasin!
Vehumet accepts your kill.
Your Fighting skill increases to level 4!
Your Staves skill increases to level 6!
* * * LOW HITPOINT WARNING * * *
You feel very sick. The naga hits you with a +0 mace!
You die...

▓..©..▓..©..▓▓▓▓▓▓▓
▓▓▓▓▓▓▓▓▓▓▓▓▓▓▓▓▓▓▓
▓).8©8...▓..8©8...▓
▓........▓..:[?...▓
▓........▓..|.}...▓
▓........▓........▓
▓......).▓........▓
▓.▓...†▓.▓.▓..N.▓.▓
▓...©....▓...©.@..▓
▓▓▓▓▓▓▓▓▓▓▓▓▓▓▓▓▓▓▓


{{{{ {{{ {{{ {{{ You could see a naga.

Vanquished Creatures
  A naga (D)
  4 water moccasins (D)
  A jelly (D)
  An adder (D)
  An ufetubus (D)
  3 oozes (D)
  2 ball pythons (D)
  A ball python skeleton (D)
  A leopard gecko skeleton (D)
  A leopard gecko zombie (D)
  A quokka skeleton (D)
17 creatures vanquished.

Notes
Turn   | Place    | Note
-------+----------+-------------------------------------------
     0 | D        | funkygono the Formicid Venom Mage began the quest for the
                  | Orb.
     0 | D        | Reached XP level 1. HP: 13/13 MP: 3/3
     8 | D        | Found a bloodstained altar of Trog.
     8 | D        | Found a shimmering blue altar of Sif Muna.
     8 | D        | Found a sacrificial altar of Ru.
     8 | D        | Found a stormy altar of Qazlal.
    10 | D        | Found an iron altar of Okawaru.
    12 | D        | Found a sparkling altar of Nemelex Xobeh.
    12 | D        | Found a blossoming altar of Fedhas.
    13 | D        | Found the +6 Majin-Bo {vamp, *Drain Str+12 Int+24}
    13 | D        | Found the +7 great mace "Firestarter" {inner flame, rF++}
    14 | D        | Found a transporter.
    14 | D        | Found an ancient bone altar of Kikubaaqudgha.
    14 | D        | Found a viscous altar of Jiyva.
    14 | D        | Found a corrupted altar of Lugonu.
    14 | D        | Found a hazy altar of Hepliaklqana.
    14 | D        | Found a burning altar of Makhleb.
    14 | D        | Found an opulent altar of Gozag.
    69 | D        | Found the +9 heavy crossbow "Sniper" {velocity, Acc+∞ SInv}
    69 | D        | Found the +10 dark maul {crush}
    69 | D        | Found the +15 Maxwell's patent armour {-Cast -Tele rElec
                  | MR+ rCorr}
    69 | D        | Found the +18 shield of the Gong {rElec rN+ MR+ EV-5}
    69 | D        | Found the cursed +14 obsidian axe {chop, +Fly SInv *Curse}
    71 | D        | Found the +6 shillelagh "Devastator" {shatter}
    71 | D        | Found the +11 plutonium sword {*Contam Stlth-}
    71 | D        | Found the +8 lance "Wyrmbane" {slay drac, rPois rF+ rC+
                  | AC+3}
    71 | D        | Found the +9 sword of Zonguldrok {reap}
    71 | D        | Found the cursed +13 scythe of Curses {drain, *Curse}
    71 | D        | Found the +0 sword of Power
    71 | D        | Found the +7 mace of Variability {chain chaos}
    71 | D        | Found the +7 Singing Sword {slice}
    71 | D        | Found the +7 longbow "Piercer" {penet, EV-2}
   244 | D        | Reached skill level 5 in Poison Magic
   244 | D        | Reached XP level 2. HP: 23/23 MP: 4/7
   248 | D        | Learned a level 2 spell: Poisonous Vapours
   303 | D        | Became a worshipper of Vehumet
   316 | D        | Entered arena 2.
   316 | D        | Found a transporter.
   401 | D        | Entered arena 3.
   401 | D        | Found a transporter.
   404 | D        | Reached * piety under Vehumet
   404 | D        | Offered knowledge of Freeze by Vehumet.
   444 | D        | Learned a level 1 spell: Freeze
   457 | D        | Entered arena 4.
   457 | D        | Found a transporter.
   458 | D        | Found the +9 scales of the Dragon King {rPois rF+ rC+ MR+}
   464 | D        | Reached ** piety under Vehumet
   464 | D        | Offered knowledge of Searing Ray by Vehumet.
   464 | D        | Reached skill level 6 in Poison Magic
   464 | D        | Reached XP level 3. HP: 26/28 MP: 3/9
   465 | D        | Reached XP level 4. HP: 32/34 MP: 4/10
   468 | D        | Reached skill level 7 in Poison Magic
   524 | D        | Learned a level 3 spell: Ignite Poison
   526 | D        | Entered arena 5.
   526 | D        | Noticed a naga
   526 | D        | Noticed a water moccasin
   526 | D        | Noticed a water moccasin
   526 | D        | Found a transporter.
   527 | D        | Found the ring of Robustness {AC+8}
   534 | D        | Killed a water moccasin
   534 | D        | Reached *** piety under Vehumet
   534 | D        | Reached skill level 5 in Spellcasting
   534 | D        | Reached skill level 1 in Air Magic
   534 | D        | Reached skill level 8 in Poison Magic
   534 | D        | Reached XP level 5. HP: 39/39 MP: 8/13
   539 | D        | Killed a water moccasin
   539 | D        | Reached skill level 5 in Shields
   539 | D        | Reached skill level 1 in Transmutations
   539 | D        | Reached skill level 9 in Poison Magic
   539 | D        | Reached XP level 6. HP: 40/47 MP: 11/15
   544 | D        | Killed a naga
   544 | D        | Reached skill level 5 in Staves
   544 | D        | Reached skill level 5 in Stealth
   544 | D        | Reached skill level 1 in Fire Magic
   544 | D        | Reached skill level 10 in Poison Magic
   544 | D        | Reached XP level 7. HP: 51/52 MP: 13/16
   568 | D        | Got the cursed +0 mace of Nightmares {flame, Str+4}
   589 | D        | Learned a level 5 spell: Venom Bolt
   592 | D        | Entered arena 6.
   592 | D        | Noticed a naga
   592 | D        | Noticed a water moccasin
   592 | D        | Noticed a water moccasin
   592 | D        | Found a transporter.
   603 | D        | Reached **** piety under Vehumet
   603 | D        | Offered knowledge of Inner Flame by Vehumet.
   607 | D        | Killed a water moccasin
   623 | D        | Killed a water moccasin
   623 | D        | HP: 1/54 [poisoned by a naga (splash of poison)]
   623 | D        | Mangled by a naga

Skill      XL: |  1  2  3  4  5  6  7 |
---------------+----------------------+-----
Fighting       | 2 3 4 |  4.1
Staves         | 2 3 4 5 6 |  6.6
Armour         | 2 3 4 |  4.3
Shields        | 2 3 4 5 6 |  6.9
Spellcasting   | 4 5 6 |  6.7
Conjurations   | 3 |  3.4
Poison Magic   | 5 6 8 9 10 | 10.5
Stealth        | 3 4 5 |  5.2
Air Magic      | 1 2 |  2.2
Transmutations | 1 |  1.8
Fire Magic     | 1 |  1.2
Dodging        | |  1.7

Action                   |  1- 3 |  4- 6 |  7- 9 || total
-------------------------+-------+-------+-------++-------
Melee: Quarterstaff      |    16 |    15 |    25 ||    56
 Cast: Poisonous Vapours |     4 |     1 |     1 ||     6
       Sting             |     1 |       |       ||     1
       Ignite Poison     |       |     1 |       ||     1
 Abil: Dig               |     1 |       |       ||     1
  Use: Potion            |     1 |       |     1 ||     2
  Eat: Ration            |     1 |       |       ||     1
Armor: Ice dragon scales |     3 |    15 |    29 ||    47
Dodge: Dodged            |     7 |    13 |    12 ||    32
Block: Buckler           |    18 |    12 |    24 ||    54
